 Dungeon Crawl Stone Soup version 0.23.0-3-gf3c87f2 (webtiles) character file.

Game seed: 979709980322306882

123 Semilg the Shield-Bearer (level 5, 0/33 HPs)
             Began as a Gargoyle Fighter on Feb 21, 2019.
             Was a Follower of Cheibriados.
             Slain by an adder (2 damage)
             ... on level 3 of the Dungeon.
             The game lasted 00:19:54 (2085 turns).

Semilg the Shield-Bearer (Gargoyle Fighter)         Turns: 2085, Time: 00:19:55

Health: 0/33       AC: 11    Str: 22    XL:     5   Next: 7%
Magic:  3/5        EV:  7    Int: 11    God:    Cheibriados [*.....]
Gold:   183        SH:  9    Dex: 11    Spells: 4/4 levels left

rFire    . . .     SeeInvis .   g - +1 short sword (flame)
rCold    . . .     Gourm    .   c - +0 shield
rNeg     + . .     Faith    .   b - +0 scale mail
rPois    ∞         Spirit   .   (no helmet)
rElec    +         Reflect  .   (no cloak)
rCorr    .         Harm     .   (no gloves)
MR       .....                  (no boots)
Stlth    +.........             (no amulet)
HPRegen  0.11/turn              p - ring of stealth
MPRegen  0.09/turn              (no ring)

@: very slow
A: negative energy resistance 1, electricity resistance, unbreathing,
petrification resistance, rot immunity, AC +4
a: Bend Time, Renounce Religion


You were on level 3 of the Dungeon.
You worshipped Cheibriados.
Cheibriados was aware of your devotion.
You were not hungry.

You visited 1 branch of the dungeon, and saw 4 of its levels.

You collected 183 gold pieces.

Inventory:

Hand Weapons
 a - a +0 rapier
 g - a +1 short sword of flaming (weapon)
 m - a +0 spear
 t - a +0 scythe
Missiles
 o - 12 tomahawks (quivered)
Armour
 b - a +0 scale mail (worn)
 c - a +0 shield (worn)
Jewellery
 h - an uncursed amulet of rage
 p - a ring of stealth (left hand)
Wands
 q - a wand of iceblast (9)
Scrolls
 e - 3 scrolls of amnesia
 i - 3 scrolls of identify
 j - 4 scrolls of remove curse
 l - 2 scrolls of fear
 n - a scroll of blinking
Potions
 d - a potion of might
 r - a potion of degeneration
 u - a potion of ambrosia {unknown}
Comestibles
 f - 6 rations
 k - a chunk of flesh


   Skills:
 + Level 3.7 Fighting
 + Level 3.0 Short Blades
 + Level 3.8 Armour
 + Level 0.4 Dodging
 + Level 0.9 Stealth
 + Level 4.2 Shields
 + Level 0.1 Invocations


You had 4 spell levels left.
You didn't know any spells.
Your spell library was empty.

Dungeon Overview and Level Annotations

Branches:
Dungeon (4/15)
 Temple: D:4-7

Altars:
Cheibriados


Innate Abilities, Weirdness & Mutations

You are resistant to torment.
Your stone body is resilient. (AC +4)
You are immune to poison.
You resist negative energy. (rN+)
You are resistant to electric shocks. (rElec)
You can survive without breathing.
You are immune to petrification.
You are immune to rotting.


Message History

You puncture the adder! You burn the adder.
You kill the adder!
Cheibriados appreciates the change of pace.
Your Short Blades skill increases to level 3!
You have reached level 5!
You block the leopard gecko's attack. The leopard gecko closely misses you.
You block the leopard gecko's attack. The flow of time bends around you.
Cheibriados rebukes the leopard gecko.
The leopard gecko seems to slow down.
You feel slightly more hungry. You block the leopard gecko's attack.
The adder barely misses you. You block the adder's attack.
The adder bites you but does no damage. The adder bites you.
* * * LOW HITPOINT WARNING * * *
There is a stone staircase leading down here.
You fail to use your ability.
The adder bites you.
You die...

## #############
.###...........####
...........###....#####
.#.#######......@.....#
.#.# ###########S#####
...####....# ##l#
.#......#..# #..#
.#......#.## #..#
........#.# ###..##
.#........####.....#
.#..#..#####.......######
.#.##..#.....#.......<..#


You could see an adder and a leopard gecko.

Vanquished Creatures
  3 adders
  An ooze (D:2)
  An adder skeleton (D:4)
  3 worms
  A dart slug (D:1)
  4 leopard geckos
  2 orcs (D:3)
  6 giant cockroaches
  8 hobgoblins
  2 jackals (D:2)
  7 kobolds
  3 ball pythons
  7 bats
  4 frilled lizards
  10 goblins
  11 rats
73 creatures vanquished.

Notes
Turn   | Place    | Note
-------+----------+-------------------------------------------
     0 | D:1      | Semilg the Gargoyle Fighter began the quest for the Orb.
     0 | D:1      | Reached XP level 1. HP: 14/14 MP: 1/1
   110 | D:1      | Reached XP level 2. HP: 18/19 MP: 2/2
   503 | D:1      | Reached XP level 3. HP: 23/23 MP: 3/3
   976 | D:2      | Reached skill level 4 in Shields
  1014 | D:2      | Found a snail-covered altar of Cheibriados.
  1031 | D:2      | Became a worshipper of Cheibriados the Contemplative
  1175 | D:2      | Reached XP level 4. HP: 29/29 MP: 4/4
  1686 | D:3      | Reached * piety under Cheibriados
  1818 | D:3      | Found a faded altar of an unknown god.
  2068 | D:3      | HP: 1/29 [adder (2)]
  2072 | D:3      | Reached XP level 5. HP: 2/33 MP: 5/5
  2085 | D:3      | Slain by an adder

Skill      XL: |  1  2  3  4 |
---------------+-------------+-----
Short Blades   | 2 3 |  3.0
Shields        | 4 |  4.2
Fighting       | |  3.7
Armour         | |  3.8
Dodging        | |  0.4
Stealth        | |  0.9
Invocations    | |  0.1

Action                   |  1- 3 |  4- 6 || total
-------------------------+-------+-------++-------
Melee: Rapier            |   118 |       ||   118
       Short sword       |    41 |   103 ||   144
Invok: Bend Time         |       |     2 ||     2
Evoke: Wand              |       |     1 ||     1
  Use: Scroll            |     4 |     4 ||     8
  Eat: Chunk             |     1 |     3 ||     4
Armor: Scale mail        |    73 |    78 ||   151
Dodge: Dodged            |    46 |    50 ||    96
Block: Shield            |    86 |    80 ||   166
